Map: Ephemeron LE

Players

Mez

  • Race: Terran Terran
  • League: Master
  • Spawn Location: 11:00

A.I. 1 (Very Easy) - Winner!

  • Race: Zerg Zerg
  • Spawn Location: 5:00

VOD

Have the link to the VOD?

Description

Time

  • Played on: Aug. 26, 2019, 11:03 p.m.
  • Length: 4:50
Show
View Real Time Build Order
Export as new Build Order

Mez Terran 

Build Orders:  

Get SALT Encoding   

  12  0:00  SCV  
  13  0:13  SCV  
  14  0:19  Supply Depot  
  14  0:25  SCV  
  15  0:31  Refinery  
  15  0:40  SCV  
  16  0:50  Barracks  
  16  0:53  SCV  
  17  1:05  SCV  
  18  1:17  SCV  
  19  1:29  SCV  
  20  1:39  Reaper  
  21  1:42  Orbital Command  
  21  2:15  Reaper  
  22  2:50  Bunker  
  22  2:53  Supply Depot  
  22  2:57  Supply Depot  
  22  2:59  Reaper  
  22  3:00  Supply Depot  
  23  3:06  Bunker  
  23  3:34  Supply Depot  
  23  3:36  Barracks  
  23  3:51  Supply Depot  
Show
View Real Time Build Order
Export as new Build Order

A.I. 1 (Very Easy) Zerg - Winner!

Build Orders: Hatch First 

Get SALT Encoding   

  12  0:01  Drone  
  13  0:12  Overlord  
  13  0:16  Drone  
  14  0:42  Hatchery  
  13  0:46  Drone  
  14  1:03  Spawning Pool  
  13  1:06  Drone  
  13  1:09  Extractor  
  13  1:13  Drone  
  14  1:21  Overlord  
  14  1:50  Zergling x2  
  14  1:51  Queen  
  14  1:52  Zergling x2  
  18  2:01  Roach Warren  
  17  2:02  Extractor  
  17  2:06  Drone  
  17  2:14  Drone  
  18  2:16  Zergling x2  
  18  2:21  Drone  
  20  2:28  Drone  
  21  2:35  Drone  
  22  2:42  Drone  
  23  2:50  Drone  
  24  2:57  Drone  
  25  3:04  Roach, Drone  
  28  3:09  Overlord  
  28  3:13  Drone  
  29  3:20  Drone  
  29  3:27  Lair, Drone  
  30  3:40  Drone  
  31  3:47  Drone  
  32  3:52  Roach  
  32  3:55  Drone  
  35  4:02  Drone  
  36  4:03  Overlord  
  36  4:09  Drone  
  37  4:16  Drone  
  38  4:23  Drone  
  39  4:25  Overseer  
  39  4:28  Overseer  
  39  4:30  Drone  
  40  4:38  Drone  
  41  4:40  Ravager  
  41  4:42  Extractor  
Tags
 
League
Master
Matchup
TvZ
Replay Pack
Spawningtool_Mez
Spawn Locations
Cross Positions
Add a new tag
Caveats
  • Supply blocks, unpowered buildings, or Contaminate may cause inaccurate times.
  • Supply counts are checked every 10 seconds.